Map: Blackpink LE

Players

RAIL - Winner!

  • Race: Protoss Protoss
  • Spawn Location: 1:00

SouLeer

  • Race: Zerg Zerg
  • Spawn Location: 7:00

Event: WCS Leipzig 2018

VOD

Have the link to the VOD?

Description

Time

  • Played on: Jan. 26, 2018, 7:40 a.m.
  • Length: 11:17

All games in this series

Show
View Real Time Build Order
Export as new Build Order

RAIL Protoss - Winner!

Build Orders: 1 Gate Expand, Archon Immortal, Zealot Archon 

Get SALT Encoding   

  12  0:00  Probe  
  13  0:12  Probe  
  14  0:20  Pylon  
  14  0:25  Probe  
  15  0:38  Probe (Chrono Boost)  
  15  0:39  Gateway  
  16  0:47  Probe (Chrono Boost), Assimilator  
  17  0:52  Probe (Chrono Boost)  
  18  1:04  Probe  
  19  1:20  Nexus  
  19  1:30  Cybernetics Core  
  19  1:33  Probe (Chrono Boost)  
  20  1:41  Assimilator  
  20  1:44  Probe (Chrono Boost)  
  21  1:48  Pylon  
  21  1:49  Probe (Chrono Boost)  
  22  1:59  Probe (Chrono Boost)  
  23  2:11  Probe (Chrono Boost)  
  23  2:12  Stalker, Warp Gate  
  26  2:19  Probe (Chrono Boost)  
  27  2:26  Probe  
  27  2:28  Robotics Facility  
  28  2:32  Probe (Chrono Boost)  
  29  2:42  Probe (Chrono Boost), Stalker  
  33  2:45  Probe (Chrono Boost)  
  34  2:52  Probe (Chrono Boost)  
  34  2:53  Probe (Chrono Boost)  
  34  2:57  Shield Battery  
  35  2:59  Probe  
  35  3:02  Probe  
  37  3:07  Gateway  
  37  3:11  Probe  
  40  3:13  Sentry  
  40  3:14  Probe  
  40  3:15  Observer  
  40  3:17  Pylon  
  42  3:23  Probe (Chrono Boost)  
  42  3:27  Pylon  
  44  3:30  Probe (Chrono Boost)  
  45  3:35  Probe (Chrono Boost)  
  46  3:42  Probe (Chrono Boost), Assimilator  
  46  3:44  Probe (Chrono Boost)  
  46  3:48  Pylon  
  48  3:50  Probe (Chrono Boost), Assimilator  
  48  3:52  Sentry  
  48  3:53  Probe (Chrono Boost)  
  48  3:54  Probe (Chrono Boost)  
  51  3:59  Twilight Council  
  51  4:02  Probe  
  53  4:04  Forge  
  53  4:05  Probe  
  54  4:14  Probe  
  56  4:17  Probe  
  56  4:19  Immortal  
  60  4:26  Probe  
  60  4:31  Gateway  
  61  4:32  Gateway  
  61  4:33  Probe  
  61  4:35  Charge  
  61  4:37  Protoss Ground Weapons Level 1  
  61  4:38  Gateway  
  62  4:44  Gateway  
  62  4:48  Probe  
  62  4:51  Templar Archives  
  63  4:53  Pylon  
  63  4:56  Probe  
  64  5:04  Immortal (Chrono Boost)  
  68  5:11  Pylon  
  68  5:18  Nexus  
  68  5:23  Zealot  
  70  5:30  Pylon  
  70  5:32  High Templar x2  
  70  5:34  Shield Battery, Zealot  
  76  5:37  Archon  
  76  5:41  Immortal (Chrono Boost)  
  76  5:42  Probe x2  
  78  5:46  Zealot  
  84  5:54  Probe  
  84  5:57  Probe, Photon Cannon  
  86  5:58  Pylon  
  86  6:02  High Templar x2  
  86  6:03  Zealot  
  92  6:07  Archon  
  92  6:08  Zealot, Pylon  
  94  6:14  Warp Prism  
  94  6:16  Probe x2  
  98  6:25  Pylon  
  98  6:28  Probe (Chrono Boost)  
  99  6:34  Probe (Chrono Boost)  
  99  6:36  Probe (Chrono Boost)  
  99  6:37  Gateway  
  99  6:38  Gateway  
  99  6:39  High Templar x2  
  105  6:41  Probe (Chrono Boost)  
  105  6:44  Assimilator  
  105  6:46  Probe (Chrono Boost), Archon  
  108  6:47  Probe (Chrono Boost), Assimilator  
  108  6:48  Immortal (Chrono Boost)  
  108  6:50  Probe (Chrono Boost)  
  108  6:52  Probe (Chrono Boost)  
  114  6:54  Probe (Chrono Boost)  
  114  7:00  Probe  
  116  7:01  Zealot x2  
  116  7:05  Zealot  
  116  7:06  Zealot  
  124  7:12  Zealot x2  
  128  7:18  Immortal  
  128  7:23  Zealot x2  
  128  7:29  Probe  
  129  7:33  Pylon  
  129  7:34  Pylon  
  129  7:36  Pylon  
  126  7:37  Pylon  
  126  7:38  Pylon  
  126  7:39  High Templar x2  
  126  7:40  Pylon  
  126  7:42  High Templar x2  
  126  7:44  Archon  
  132  7:45  Pylon  
  132  7:46  Archon  
  132  7:52  Zealot x2  
  132  7:53  Zealot  
  132  7:55  Zealot  
  132  7:57  Immortal  
  144  8:10  Zealot x3  
  144  8:11  Zealot  
  134  8:15  Zealot x2  
  134  8:19  Protoss Ground Weapons Level 2 (Chrono Boost)  
  124  8:24  High Templar x2  
  124  8:30  Archon  
  124  8:31  Zealot x4  
  124  8:33  Warp Prism (Chrono Boost)  
  132  8:36  High Templar  
  132  8:37  High Templar  
  132  8:38  Gateway  
  132  8:39  Gateway  
  132  8:41  Archon  
  138  8:51  Sentry, Zealot x2  
  138  8:52  Zealot  
  146  8:56  Zealot  
  146  8:57  Zealot  
  146  9:02  Immortal  
  154  9:06  Psionic Storm  
  142  9:14  High Templar x2, Zealot x2  
  142  9:15  Zealot  
  128  9:35  High Templar x2  
  128  9:36  Zealot x2  
  136  9:39  Zealot x2, Immortal (Chrono Boost)  
  136  9:41  Zealot x2  
  148  9:48  Zealot  
  148  9:50  Zealot  
  152  9:53  Pylon  
  152  10:03  High Templar x2  
  152  10:04  Zealot  
  152  10:05  Zealot x3  
  164  10:07  Zealot  
  164  10:08  Archon  
  164  10:09  Zealot x2  
  164  10:11  Immortal  
  174  10:14  Zealot  
  176  10:26  High Templar  
  176  10:27  High Templar, Zealot x2  
  184  10:33  Zealot  
  184  10:34  Zealot  
  186  10:35  Zealot  
  186  10:36  Zealot x2, Archon  
  186  10:37  Zealot  
  188  10:46  Archon  
  174  10:53  Zealot x2  
  174  10:55  Archon  
  152  11:10  Zealot x7  
  152  11:11  Zealot  
Show
View Real Time Build Order
Export as new Build Order

SouLeer Zerg 

Build Orders: Hatch First 

Get SALT Encoding   

  12  0:01  Drone  
  13  0:12  Overlord  
  13  0:17  Drone  
  14  0:30  Drone  
  14  0:31  Drone  
  14  0:35  Drone  
  17  0:52  Hatchery  
  17  0:55  Drone  
  17  0:58  Drone  
  18  1:09  Extractor  
  17  1:13  Spawning Pool  
  17  1:16  Drone  
  17  1:19  Drone  
  18  1:28  Drone  
  19  1:38  Overlord  
  19  1:50  Drone  
  20  2:00  Zergling x2, Queen  
  23  2:04  Zergling x2, Queen  
  26  2:10  Metabolic Boost  
  26  2:11  Drone  
  27  2:15  Drone  
  27  2:22  Drone  
  29  2:27  Drone  
  30  2:38  Hatchery  
  30  2:42  Drone x2  
  31  2:46  Overlord  
  31  2:48  Drone  
  32  2:54  Drone  
  32  2:57  Queen  
  35  3:00  Drone  
  36  3:06  Drone  
  36  3:10  Overlord  
  36  3:11  Drone x2  
  39  3:13  Drone  
  39  3:16  Drone  
  39  3:18  Drone  
  42  3:20  Drone  
  42  3:26  Roach Warren  
  42  3:30  Overlord  
  42  3:31  Drone  
  42  3:33  Drone  
  44  3:40  Drone x2  
  44  3:41  Drone x2  
  47  3:46  Extractor  
  46  3:49  Spore Crawler  
  46  3:51  Drone x2  
  47  3:56  Lair  
  47  3:58  Drone x2  
  47  4:01  Spore Crawler  
  47  4:02  Overlord  
  48  4:06  Roach  
  48  4:09  Spore Crawler  
  49  4:11  Roach  
  49  4:16  Roach  
  53  4:19  Drone  
  53  4:20  Drone, Extractor  
  53  4:23  Overlord  
  54  4:26  Roach  
  54  4:29  Roach  
  54  4:30  Overlord  
  58  4:32  Roach  
  58  4:35  Drone x2  
  62  4:40  Drone x2  
  62  4:41  Drone x2  
  62  4:45  Drone  
  67  4:49  Drone x3  
  67  4:50  Drone  
  67  4:52  Roach  
  73  4:55  Extractor  
  73  4:56  Glial Reconstitution  
  73  4:57  Overseer  
  72  5:00  Roach  
  72  5:03  Roach  
  72  5:05  Overlord  
  72  5:07  Roach  
  78  5:13  Baneling Nest  
  77  5:14  Roach  
  77  5:16  Drone  
  77  5:17  Drone x2  
  82  5:21  Drone x3  
  82  5:22  Drone  
  82  5:25  Drone x3  
  89  5:28  Drone  
  89  5:29  Ravager, Drone  
  89  5:32  Overlord  
  92  5:37  Drone x2, Evolution Chamber  
  92  5:38  Extractor  
  92  5:39  Roach, Extractor  
  92  5:41  Roach  
  95  5:45  Ravager x2  
  95  5:49  Drone  
  98  5:50  Overlord  
  98  5:56  Centrifical Hooks  
  98  5:59  Drone x3  
  98  6:01  Zergling x10  
  106  6:07  Zerg Missile Weapons Level 1  
  106  6:11  Drone x2, Overlord  
  108  6:18  Roach x2  
  112  6:20  Ravager x2, Hatchery  
  112  6:23  Overlord  
  112  6:24  Overlord  
  113  6:29  Overlord  
  113  6:34  Roach x4  
  113  6:39  Overlord  
  121  6:40  Overlord x2  
  121  6:43  Roach  
  123  6:50  Roach x4  
  123  6:52  Roach  
  133  6:55  Ravager  
  133  6:56  Ravager x4  
  133  6:59  Zergling x10  
  143  7:02  Zergling x6  
  143  7:04  Baneling x2  
  143  7:05  Baneling  
  143  7:06  Zergling x4  
  143  7:07  Zergling x2  
  149  7:10  Zergling x2  
  149  7:12  Ravager x2  
  149  7:13  Zergling x2  
  153  7:18  Zergling x2  
  153  7:21  Baneling x6  
  153  7:22  Baneling x2, Zergling x2  
  152  7:26  Zergling x2  
  150  7:30  Zergling x10  
  150  7:31  Zergling x6  
  150  7:35  Queen  
  160  7:39  Zergling x10  
  160  7:41  Baneling  
  160  7:42  Baneling x11  
  157  7:46  Roach x2  
  157  7:51  Roach x2  
  165  7:53  Roach x2  
  165  7:56  Baneling x4  
  168  8:01  Roach x2  
  168  8:03  Baneling x2  
  168  8:04  Baneling  
  172  8:12  Roach x6  
  152  8:14  Roach  
  152  8:15  Roach  
  152  8:18  Roach x2  
  144  8:21  Roach  
  144  8:23  Roach x2  
  144  8:26  Roach x2  
  141  8:28  Roach  
  141  8:32  Zergling x4  
  141  8:33  Zergling x2  
  144  8:35  Zergling x4  
  144  8:36  Ravager  
  144  8:37  Ravager  
  144  8:38  Zergling x2  
  144  8:40  Zergling x2  
  150  8:43  Zergling x2  
  150  8:45  Zergling x2  
  150  8:48  Zergling x2  
  153  8:49  Ravager  
  153  8:50  Ravager  
  153  8:53  Roach x2  
  159  8:56  Ravager  
  159  8:57  Roach  
  159  8:58  Zergling x2  
  161  9:04  Zergling x4  
  161  9:05  Zergling x16  
  161  9:06  Zergling x4  
  161  9:08  Zergling x2  
  161  9:10  Zergling x4  
  155  9:17  Roach x2  
  155  9:21  Roach  
  155  9:22  Zergling x2  
  138  9:26  Baneling  
  138  9:28  Baneling x15  
  138  9:29  Baneling x3  
  138  9:31  Zergling x12  
  143  9:33  Drone x6  
  143  9:35  Extractor  
  143  9:36  Roach  
  151  9:41  Ravager  
  151  9:42  Ravager  
  151  9:44  Zergling x6  
  156  9:48  Roach x3  
  156  9:51  Roach x2  
  166  9:58  Roach x3  
  171  10:00  Roach x2  
  171  10:01  Overlord x3  
  171  10:04  Baneling x4  
  171  10:05  Baneling x2  
  175  10:10  Overlord  
  175  10:17  Baneling x7  
  175  10:20  Roach x2  
  179  10:23  Zergling x2  
  179  10:24  Zergling x14  
  187  10:28  Zergling x6  
  187  10:29  Zergling x4  
  187  10:33  Roach x3  
  190  10:36  Ravager x3  
  185  10:45  Zergling x2  
  185  10:46  Zergling x16  
  185  10:47  Zergling x4  
  188  10:51  Zergling x6  
Tags
 
Add a new tag
Caveats
  • Supply blocks, unpowered buildings, or Contaminate may cause inaccurate times.
  • Supply counts are checked every 10 seconds.